 Dungeon Crawl Stone Soup version 0.22-a0-248-gc8378ba (webtiles) character file.

79 KristoblXynda the Slasher (level 4, 0/36 HPs)
             Began as a Draconian Gladiator on Feb 28, 2018.
             Slain by an orc wizard
             ... wielding a +0 dagger
              (2 damage)
             ... on level 3 of the Dungeon.
             The game lasted 00:02:23 (1718 turns).

KristoblXynda the Slasher (Draconian Gladiator)     Turns: 1718, Time: 00:02:24

Health: 0/36       AC:  5    Str: 16    XL:     4   Next: 16%
Magic:  4/4        EV: 13    Int:  9    God:
Gold:   126        SH:  0    Dex: 13    Spells: 3/3 levels left

rFire    . . .     SeeInvis .   a - +0 long sword
rCold    . . .     Gourm    .   (no shield)
rNeg     . . .     Faith    .   (armour unavailable)
rPois    .         Spirit   .   b - +0 hat
rElec    .         Reflect  .   (no cloak)
rCorr    .         Harm     .   (no gloves)
MR       .....                  (no boots)
Stlth    +.........             (no amulet)
HPRegen  0.12/turn              (no ring)
MPRegen  0.09/turn              (no ring)

@: no status effects
A: unfitting armour, cold-blooded, AC +5
a: no special abilities


You were on level 3 of the Dungeon.
You were not hungry.

You visited 1 branch of the dungeon, and saw 3 of its levels.

You collected 126 gold pieces.

Inventory:

Hand Weapons
 a - a +0 long sword (weapon)
Missiles
 c - a throwing net (quivered)
Armour
 b - a +0 hat (worn)
Jewellery
 l - an uncursed ring of protection from fire {unknown}
Scrolls
 e - 3 scrolls of magic mapping {unknown}
 f - a scroll of remove curse {unknown}
 g - a scroll of enchant weapon {unknown}
 i - a scroll of amnesia {unknown}
 j - 2 scrolls of identify {unknown}
 k - a scroll of teleportation {unknown}
 o - a scroll of blinking {unknown}
Potions
 h - a potion of ambrosia {unknown}
Comestibles
 d - 9 rations


   Skills:
 - Level 2.1 Fighting
 * Level 4.3 Long Blades
 - Level 2.0 Throwing
 + Level 3.3 Dodging


You had 3 spell levels left.
You didn't know any spells.

Dungeon Overview and Level Annotations

Branches:
Dungeon (3/15)

Altars:
Wu Jian


Innate Abilities, Weirdness & Mutations

Your plain brown scales are hard. (AC +5)
You cannot fit into any form of body armour.
You are cold-blooded and may be slowed by cold attacks.


Message History

You hit something.
You hear some strange, mumbled words.
Something tries to affect you, but you resist.
Throwing (i - inventory)
c - 3 throwing nets (quivered)
Press: ? - help, Shift-Dir - straight line You throw a throwing net.
Something hits you.
* * * LOW HITPOINT WARNING * * *
You miss something. You tail-slap something.
You hear some strange, mumbled words.
A magic dart appears from out of thin air!
The magic dart hits you!
* * * LOW HITPOINT WARNING * * *
Throwing (i - inventory)
c - 2 throwing nets (quivered)
Press: ? - help, Shift-Dir - straight line You throw a throwing net.
Something hits you but does no damage.
Throwing (i - inventory)
c - a throwing net (quivered)
Press: ? - help, Shift-Dir - straight line, f - you
Okay, then.
You barely miss something. Something hits you.
You die...

.......<................
##.......#####..##......
........###....(# ....#
...#..... #.##..# ..(..#
......... # #..)##.....#
....##.... #.#.(..# ....
.....###.#.†### ...
##.......†){###
.......#@(.#
.......###...# .......
##.# ....>.. .# ###...#
. #... #...


There were no monsters in sight!

Vanquished Creatures
  A gnoll (D:1)
  An adder (D:2)
  3 worms (D:2)
  2 dart slugs
  2 leopard geckos (D:2)
  3 orcs (D:3)
  A giant cockroach (D:1)
  7 goblins
  6 hobgoblins
  A quokka (D:2)
  A ball python (D:2)
  3 bats
  3 frilled lizards (D:1)
  5 kobolds
  3 rats (D:1)
42 creatures vanquished.

Notes
Turn   | Place    | Note
-------+----------+-------------------------------------------
     0 | D:1      | KristoblXynda the Draconian Gladiator began the quest for the Orb.
     0 | D:1      | Reached XP level 1. HP: 17/17 MP: 1/1
    80 | D:1      | Reached XP level 2. HP: 24/24 MP: 2/2
   417 | D:1      | Reached XP level 3. HP: 28/29 MP: 3/3
  1094 | D:2      | Reached skill level 4 in Long Blades
  1277 | D:2      | Found an ornate altar of the Wu Jian Council.
  1646 | D:3      | Reached XP level 4. HP: 36/36 MP: 4/4
  1718 | D:3      | Slain by an orc wizard

Vault maps used:
D:1:      scummos_arrival_star, grunt_decor_one_mirror, minmay_tetromino_o2
D:2:      old_standard_altar, first_ration
D:3:      minmay_diamond_boxcup, lightli_temple_of_fire,
          okawaru_metal_pillars_3, gammafunk_temple_overflow_forgotten,
          minmay_crystal_water, uniq_ijyb, uniq_purgy, uniq_sigmund

Skill      XL: |  1  2  3 |
---------------+----------+-----
Throwing       | 2 |  2.0
Dodging        | 3 |  3.3
Long Blades    | 4 |  4.3
Fighting       | |  2.1

Action                   |  1- 3 |  4- 6 || total
-------------------------+-------+-------++-------
Melee: Long sword        |    86 |    47 ||   133
       Tailslap          |    16 |     3 ||    19
Throw: Throwing net      |       |     2 ||     2
  Use: Potion            |       |     3 ||     3
 Stab: Sleeping          |     2 |       ||     2
  Eat: Ration            |     1 |       ||     1
       Chunk             |     1 |       ||     1
Armor: Skin              |     8 |    35 ||    43
Dodge: Dodged            |    59 |    27 ||    86
       Rpst.: Long sword |    18 |     3 ||    21

Table legend:
 A = Spawn XP
 B = Non-spawn XP
 C = Spawn XP percentage of total XP
 D = Spawn monster count
 E = Non-spawn monster count
 F = Spawn count percentage of total count
 G = Total turns spent on level
                    A         B        C        D         E        F      G
               +---------+---------+-------+---------+---------+-------+---------
         Total |       0 |     113 |   0.0 |       0 |      42 |   0.0 |  1718
               +---------+---------+-------+---------+---------+-------+---------
           D:1 |       0 |      49 |   0.0 |       0 |      22 |   0.0 |   574
           D:2 |       0 |      47 |   0.0 |       0 |      14 |   0.0 |  1061
           D:3 |       0 |      17 |   0.0 |       0 |       6 |   0.0 |    83
               +---------+---------+-------+---------+---------+-------+---------
